 Dungeon Crawl Stone Soup version 0.17-a0-1115-g0372368 (webtiles) character file.

145812 HeyJoe the Severer (level 16, -3/160 HPs)
             Began as a Deep Dwarf Berserker on May 23, 2015.
             Was the Champion of Trog.
             Shot with an arrow of flame by a deep elf master archer (24 damage)
             ... on level 3 of the Elven Halls.
             The game lasted 02:47:08 (24230 turns).

HeyJoe the Severer (Deep Dwarf Berserker)          Turns: 24230, Time: 02:47:08

Health: -3/160     AC: 27    Str: 31    XL:     16   Next: 88%
Magic:  14/14      EV: 17    Int:  6    God:    Trog [******]
Gold:   194        SH: 15    Dex: 14    Spells: 0 memorised, 15 levels left

rFire  x . .     SeeInvis +     a - +9 broad axe of Ferr {flame, MR+}
rCold  + . .     Clarity  .     B - +0 plate armour
rNeg   + + +     SustAt   .     I - +0 shield
rPois  .         Gourm    .     V - +2 hat
rElec  +         Spirit   .     l - +1 cloak
rCorr  .         Warding  +     y - +1 pair of gloves of Grace {rElec rN+}
rMut   .         Stasis   .     j - +1 pair of boots
MR     +++..                    p - brooch of Shielding {Ward rN+ AC+4 EV+4}
Stlth  ..........               U - ring "Uppuj" {Ice +Blink Str+3 SInv}
                                A - +4 ring of evasion

@: non-regenerating, extremely resistant to hostile enchantments, extremely
unstealthy
A: damage resistance, recharge devices, talons 1, agile 1, low mp 1, negative
energy resistance 1, sense surroundings 2, electricity resistance, slow healing
3, weak 1
a: Device Recharging, Burn Spellbooks, Berserk, Trog's Hand, Brothers in Arms,
Renounce Religion, Evoke Blink


You were on level 3 of the Elven Halls.
You worshipped Trog.
Trog was exalted by your worship.
You were not hungry.

You visited 5 branches of the dungeon, and saw 27 of its levels.
You visited 1 bazaar.

You collected 3705 gold pieces.
You spent 3363 gold pieces at shops.

Inventory:

Hand weapons
 a - the +9 broad axe of Ferr (weapon) {flame, MR+}
   (Trog gifted it to you on level 11 of the Dungeon)

   It has been specially enchanted to burn those struck by it, causing extra
   injury to most foes and up to half again as much damage against particularly
   susceptible opponents.
   Big, fiery blades are also staple armaments of hydra-hunters.
   It affects your resistance to hostile enchantments.
Armour
 j - a +1 pair of boots (worn)
 l - a +1 cloak (worn)
 y - the +1 pair of gloves of Grace (worn) {rElec rN+}
   (You found it on level 8 of the Dungeon)

   It insulates you from electricity.
   It protects you from negative energy.
 B - a +0 plate armour (worn)
 I - a +0 shield (worn)
 V - a +2 hat (worn)
Jewellery
 k - an uncursed ring of protection from cold
 p - the brooch of Shielding (around neck) {Ward rN+ AC+4 EV+4}
   (You bought it in a shop in a bazaar)

   [amulet of warding]

   It may prevent the melee attacks of summoned creatures.
   It affects your AC (+4).
   It affects your evasion (+4).
   It protects you from negative energy.
 t - an uncursed ring of positive energy
 A - a +4 ring of evasion (left hand)
 H - an uncursed ring of invisibility
 K - an uncursed amulet of resist corrosion
 P - an uncursed amulet of the gourmand
 U - the ring "Uppuj" (right hand) {Ice +Blink Str+3 SInv}
   (You found it on level 1 of the Elven Halls)

   [ring of ice]

   It enhances your ice magic, and weakens your fire magic.
   It affects your strength (+3).
   It makes you vulnerable to fire.
   It protects you from cold.
   It lets you see invisible.
   It lets you blink.
 Y - an uncursed amulet of resist mutation
Magical devices
 c - a wand of heal wounds (3)
 w - a wand of fire (6)
 x - a wand of teleportation (4)
 F - a wand of draining (4)
 G - a wand of fire (3)
 N - a wand of digging (14)
 R - a wand of slowing (3)
 W - a wand of digging (15)
 X - a wand of fireball (6)
Scrolls
 b - 3 scrolls of blinking
 e - 9 scrolls of remove curse
 h - a scroll of fog
 o - 7 scrolls of fear
 r - 5 scrolls of identify
 s - 4 scrolls of magic mapping
 D - 9 scrolls of teleportation
 E - a scroll of enchant armour
 J - a scroll of silence
 Q - 2 scrolls of summoning
 S - a scroll of recharging
Potions
 i - 2 potions of heal wounds
 m - 3 potions of agility
 n - 11 potions of curing
 q - 3 potions of might
 C - 4 potions of haste
 L - 5 potions of resistance
 M - 4 potions of cancellation
 O - 2 potions of flight
 T - 3 potions of invisibility
Miscellaneous
 g - a box of beasts {used: 1}
 z - a disc of storms
Comestibles
 d - 11 bread rations
 f - 13 meat rations
 u - 31 fruits


   Skills:
 + Level 14.4 Fighting
 - Level 20.0 Axes
 - Level 10.0 Armour
 - Level 2.1 Dodging
 - Level 15.1 Shields
 - Level 10.0 Evocations


You had 15 spell levels left.
You didn't know any spells.

Dungeon Overview and Level Annotations

Branches:
Dungeon (11/15)            Temple (1/1) D:4            Lair (8/8) D:8
  Swamp (0/4) Lair:6       Spider (0/4) Lair:3        Slime (0/6) Lair:7
    Orc (4/4) D:11            Elf (3/3) Orc:4

Altars:
Ashenzari
Cheibriados
Dithmenos
Elyvilon
Fedhas
Gozag
Kikubaaqudgha
Makhleb
Nemelex Xobeh
Okawaru
Qazlal
Ru
Sif Muna
Trog
Vehumet
Xom
Yredelemnul
Zin
The Shining One
Beogh
Jiyva

Shops:
D:10 (*?   D:11 *   Orc:1 }   Orc:4 ??}[

Portals:
Pandemonium: Orc:4


Innate Abilities, Weirdness & Mutations

You are resistant to damage.
You can recharge devices by infusing magical energy.
You resist negative energy.
You passively map the area around you.
You do not heal naturally.
You have sharp toenails.
You are agile. (Dex +2)
Your magical capacity is low (-10% MP).
You are resistant to electric shocks.
You are weak. (Str -2)


Message History

The arrow of flame closely misses you. The orange demon closely misses you.
The deep elf master archer shoots an arrow of flame.
The arrow of flame hits you!!
* * * LOW HITPOINT WARNING * * *
The arrow of flame burns you!
* * * LOW HITPOINT WARNING * * *
Evoke which item? (* to show all) (? for menu, Esc to quit)
Okay, then.
Read which item? (? for menu, Esc to quit)
Your blink will be uncontrolled - continue anyway?
A powerful magic prevents control of your teleportation.
You blink.
As you read the scroll of blinking, it crumbles to dust.
You are covered in liquid flames!
* * * LOW HITPOINT WARNING * * *
The deep elf master archer shoots an arrow of flame.
You block the arrow of flame.
The deep elf master archer shoots an arrow of flame.
The arrow of flame hits you!!
You die...

* #..#).#....... .####§#
, #..').'..........# , ,,
, #..#..#..........# * *,
, #..#..#..........# ***
* , * #..#..#...........
, ,#..#..##'######..# ,,
, #..#.............# * *
* #..#.............# ,
#######.(#######@#####.
*,
.........)).(.((........,
.........)).)§.......)..
,
############e###########
* , ,, #e4)# , ,, *,
#.#.# * * * * #e#.# ,* ,
, # #1#e# * * * ,, ,
.#**#...# *


You could see a deep elf master archer and a deep elf demonologist.

Vanquished Creatures
  Rupert (Orc:3)
  2 deep elf blademasters
  A deep elf master archer (Elf:3)
  Kirke (Elf:1)
  8 deep elf sorcerers (Elf:3)
  A stone giant (Orc:3)
  4 deep elf demonologists (Elf:3)
  4 deep elf annihilators (Elf:3)
  A deep elf high priest (Elf:1)
  2 fire dragons (Lair:8)
  2 deep elf death magi (Elf:3)
  Josephine (Orc:2)
  6 hydras
  13 dancing weapons (Elf:2)
  The ghost of DEFE the Protected, a powerful TeFi of Okawaru (D:10)
  4 death yaks (Lair:5)
  5 orc high priests (Orc:4)
  Sonja (Orc:2)
  2 sun demons (Orc:4)
  16 deep elf knights
  A gelid demonspawn (Orc:4)
  A small abomination (Elf:3)
  15 hill giants
  A giant orange brain (Elf:1)
  7 deep elf summoners
  Pikel (D:7)
  5 lindwurms
  5 orc knights
  12 deep elf conjurers
  7 orc sorcerers (Orc:4)
  A sixfirhy (Orc:4)
  2 worldbinders (Elf:1)
  2 cyclopes (Orc:3)
  2 griffons
  5 black mambas
  6 elephants (Lair:8)
  Joseph (D:7)
  6 torpor snails
  An orange demon (Orc:4)
  7 spiny frogs
  A yaktaur (shapeshifter) (Elf:3)
  A smoke demon (Elf:3)
  9 komodo dragons
  A hellwing (Orc:4)
  3 fire drakes (Lair:8)
  4 merfolk (Lair:1)
  14 deep elf priests
  A troll (shapeshifter) (Elf:1)
  2 red devils (Orc:4)
  25 blink frogs
  2 ravens (Elf:1)
  3 trolls
  4 giant leeches
  4 two-headed ogres
  A boulder beetle (Lair:4)
  5 wraiths (Orc:2)
  24 deep elf magi
  A tarantella (Elf:2)
  29 yaks
  A steam dragon (Lair:8)
  A wyvern (D:8)
  A ynoxinul (Orc:4)
  A redback (Elf:2)
  9 basilisks
  20 deep elf fighters
  7 hippogriffs
  A hungry ghost (D:11)
  5 hogs (Elf:1)
  A mottled dragon (Lair:8)
  2 swamp worms (Lair:6)
  4 wandering mushrooms (D:9)
  3 wargs
  18 water moccasins
  A chaos spawn (Elf:3)
  16 wolves
  4 slaves (D:7)
  8 spiders (Lair:3)
  A necrophage (D:5)
  31 orc warriors
  3 ice beasts
  10 porcupines
  4 wasps
  A swamp drake (Lair:8)
  2 boggarts (Elf:1)
  3 phantoms
  8 centaurs
  14 ogres
  21 crocodiles
  A big kobold (D:11)
  A lost soul (Elf:3)
  5 brain worms (Lair:8)
  21 giant frogs
  A water moccasin zombie (D:11)
  4 scorpions
  2 oklob saplings (D:9)
  An electric eel (Lair:3)
  7 wights
  A giant frog zombie (D:5)
  2 jellies (Lair:7)
  3 centaur zombies
  36 orc priests
  Ijyb (D:2)
  2 crimson imps
  3 centaur skeletons
  4 giant frog skeletons
  A hell rat (Elf:2)
  8 iguanas
  5 hounds
  12 worker ants
  29 orc wizards
  A killer bee zombie (D:8)
  30 sheep
  A hound zombie (D:6)
  2 hound skeletons
  4 gnolls (D:10)
  A worker ant zombie (D:5)
  107 river rats
  10 adders
  4 shadow imps
  2 ufetubi (Orc:4)
  5 oozes
  18 worms
  4 giant geckos
  210 orcs
  9 bats
  A bat skeleton (D:5)
  19 goblins
  25 hobgoblins
  27 kobolds
  2 quokkas
  A ball python skeleton (D:5)
  A ball python zombie (D:6)
  4 giant cockroaches
  A giant gecko skeleton (D:4)
  11 giant newts
  3 quokka skeletons
  17 rats
  A crawling corpse (Elf:3)
  7 fungi
  19 plants
1196 creatures vanquished.

Vanquished Creatures (collateral kills)
  A torturous demonspawn (Orc:4)
1 creature vanquished.

Vanquished Creatures (others)
  A deep elf sorcerer (Elf:3)
  A deep elf knight (Elf:2)
  A deep elf conjurer (Elf:1)
  A deep elf fighter (Elf:1)
  An orc warrior (Orc:4)
  A water moccasin skeleton (D:7)
  An electric eel (Elf:1)
  An adder (D:10)
  A kobold (D:11)
  3 fungi
  12 plants
24 creatures vanquished.

Grand Total: 1221 creatures vanquished

Notes
Turn   | Place    | Note
--------------------------------------------------------------
     0 | D:1      | HeyJoe the Deep Dwarf Berserker began the quest for the Orb.
     0 | D:1      | Reached XP level 1. HP: 20/20 MP: 1/1
   135 | D:1      | Reached XP level 2. HP: 27/27 MP: 2/2
   260 | D:1      | Reached skill level 4 in Axes
   654 | D:1      | Acquired Trog's second power
   884 | D:2      | Reached XP level 3. HP: 23/33 MP: 3/3
   964 | D:2      | Found an ancient bone altar of Kikubaaqudgha.
  1074 | D:2      | Found a bloodstained altar of Trog.
  1430 | D:2      | Reached skill level 1 in Shields
  1502 | D:2      | Noticed Ijyb
  1511 | D:2      | Killed Ijyb
  1511 | D:2      | Reached XP level 4. HP: 9/40 MP: 4/4
  1720 | D:3      | Reached XP level 5. HP: 46/46 MP: 5/5
  1935 | D:3      | Reached skill level 5 in Axes
  2273 | D:4      | Reached skill level 6 in Axes
  2288 | D:4      | Reached XP level 6. HP: 32/55 MP: 6/6
  2312 | D:4      | Found a staircase to the Ecumenical Temple.
  2327 | Temple   | Entered the Ecumenical Temple
  2929 | D:4      | Reached skill level 7 in Axes
  3089 | D:4      | Found a deep blue altar of Sif Muna.
  3254 | D:5      | Entered Level 5 of the Dungeon
  3255 | D:5      | Acquired Trog's third power
  3406 | D:5      | Reached XP level 7. HP: 26/61 MP: 7/7
  3423 | D:5      | Reached skill level 8 in Axes
  3976 | D:5      | Reached skill level 9 in Axes
  4024 | D:5      | Found a basalt altar of Yredelemnul.
  4178 | D:6      | Reached XP level 8. HP: 28/68 MP: 8/8
  4315 | D:6      | Reached skill level 10 in Axes
  4394 | D:6      | Reached skill level 5 in Armour
  5114 | D:6      | Gained mutation: You passively map the area around you. [Deep Dwarf growth]
  5114 | D:6      | Reached XP level 9. HP: 25/74 MP: 9/9
  5164 | D:6      | Gained mutation: You are agile. (Dex +2) [potion of mutation]
  5164 | D:6      | Gained mutation: You have sharp toenails. [potion of mutation]
  5164 | D:6      | Gained mutation: You expend magic power (3 MP) to strengthen your wands. [potion of mutation]
  5341 | D:7      | Noticed Pikel
  5354 | D:7      | Killed Pikel
  5716 | D:7      | Reached skill level 10 in Armour
  5734 | D:7      | Reached skill level 1 in Evocations
  5856 | D:7      | Noticed Joseph
  5868 | D:7      | Killed Joseph
  5968 | D:7      | Reached skill level 5 in Evocations
  6672 | D:8      | Reached XP level 10. HP: 46/81 MP: 15/15
  6873 | D:8      | Received a gift from Trog
  7117 | D:8      | Found a burning altar of Makhleb.
  7118 | D:8      | Found a snail-covered altar of Cheibriados.
  7224 | D:8      | Found a staircase to the Lair.
  7225 | D:8      | Noticed a komodo dragon
  7229 | D:8      | Got a pair of ancient gloves
  7235 | D:8      | Identified the +1 pair of gloves of Grace {rElec rN+} (You found it on level 8 of the Dungeon)
  7239 | D:8      | Killed a komodo dragon
  7324 | D:9      | Reached skill level 10 in Evocations
  7399 | D:9      | Found a sacrificial altar of Ru.
  7470 | D:9      | Reached skill level 5 in Shields
  7550 | D:9      | Found a shattered altar of Ashenzari.
  7660 | D:9      | Found a blossoming altar of Fedhas.
  7933 | D:9      | Found a stormy altar of Qazlal.
  8167 | D:10     | Entered Level 10 of the Dungeon
  8187 | D:10     | Found Sytyew Caum's Assorted Antiques.
  8241 | D:10     | Received a gift from Trog
  8343 | D:10     | Found Velih's Magic Scroll Boutique.
  8355 | D:10     | Bought a scroll of noise for 15 gold pieces
  8355 | D:10     | Bought a scroll of summoning for 142 gold pieces
  8367 | D:10     | Got a steaming halberd
  8373 | D:10     | Identified the +6 halberd of Pyohikke {chop, rF++} (You found it on level 10 of the Dungeon)
  8574 | D:10     | Found Loonaqygh's Weapon Boutique.
  8686 | D:10     | Found a deep blue altar of Sif Muna.
  8856 | D:11     | Reached XP level 11. HP: 79/88 MP: 16/16
  8909 | D:11     | Noticed a hill giant
  8923 | D:11     | Killed a hill giant
  9155 | D:11     | Found Upaolu's Off-Brand Ammunition.
  9201 | D:11     | Reached skill level 10 in Shields
  9464 | D:11     | Found a staircase to the Orcish Mines.
  9489 | D:11     | Received a gift from Trog
  9513 | D:11     | Got a translucent broad axe {god gift}
  9540 | D:11     | Identified the +9 broad axe of Ferr {flame, MR+} (Trog gifted it to you on level 11 of the Dungeon)
  9603 | Orc:1    | Entered Level 1 of the Orcish Mines
  9681 | Orc:1    | Found Jealunn's Gadget Shoppe.
  9890 | Orc:2    | Reached skill level 11 in Axes
 10011 | Orc:2    | Noticed Sonja
 10040 | Orc:2    | Killed Sonja
 10641 | Orc:2    | Noticed Josephine
 10657 | Orc:2    | Killed Josephine
 10657 | Orc:2    | Reached skill level 12 in Axes
 10863 | Orc:3    | Noticed a hill giant
 10863 | Orc:3    | Noticed a hill giant
 10873 | Orc:3    | Killed a hill giant
 10873 | Orc:3    | Received a gift from Trog
 10876 | Orc:3    | Killed a hill giant
 10876 | Orc:3    | Reached skill level 13 in Axes
 10931 | Orc:3    | Found a roughly hewn altar of Beogh.
 10964 | Orc:3    | Found a bloodstained altar of Trog.
 11171 | Orc:3    | Noticed Rupert
 11180 | Orc:3    | Paralysed by Rupert for 7 turns
 11228 | Orc:4    | Entered Level 4 of the Orcish Mines
 11285 | Orc:4    | Noticed an orc high priest
 11288 | Orc:4    | Noticed a sun demon
 11387 | Orc:3    | Killed Rupert
 11387 | Orc:3    | Reached skill level 14 in Axes
 11387 | Orc:3    | Reached XP level 12. HP: 49/96 MP: 10/15
 11514 | Orc:3    | Noticed a hill giant
 11514 | Orc:3    | Noticed a hill giant
 11514 | Orc:3    | Noticed a hill giant
 11515 | Orc:3    | Noticed a hill giant
 11516 | Orc:3    | Noticed a hill giant
 11521 | Orc:3    | Killed a hill giant
 11521 | Orc:3    | Received a gift from Trog
 11522 | Orc:3    | Killed a hill giant
 11523 | Orc:3    | Killed a hill giant
 11523 | Orc:3    | Reached skill level 15 in Axes
 11525 | Orc:3    | Killed a hill giant
 11541 | Orc:3    | Killed a hill giant
 11605 | Orc:3    | Got a jewelled arbalest
 11779 | Orc:3    | Noticed a hill giant
 11779 | Orc:3    | Noticed a hill giant
 11780 | Orc:3    | Noticed a hill giant
 11788 | Orc:3    | Killed a hill giant
 11792 | Orc:3    | Killed a hill giant
 11798 | Orc:3    | Killed a hill giant
 11832 | Orc:3    | Noticed a hill giant
 11832 | Orc:3    | Noticed a hill giant
 11832 | Orc:3    | Noticed a hill giant
 11839 | Orc:3    | Killed a hill giant
 11839 | Orc:3    | Reached skill level 16 in Axes
 11846 | Orc:3    | Killed a hill giant
 11851 | Orc:3    | Killed a hill giant
 11858 | Orc:3    | Noticed a stone giant
 11877 | Orc:3    | Killed a stone giant
 11957 | Orc:3    | Got a crude leather armour
 11959 | Orc:3    | Got a warped shortbow
 11972 | Orc:3    | Identified the +0 leather armour of the Bulwark {rC- Int+7 SInv} (You found it on level 3 of the Orcish Mines)
 11990 | Orc:3    | Identified the cursed +0 shortbow of Luwidi {velocity, Str+4 Dex-4} (You found it on level 3 of the Orcish Mines)
 11993 | Orc:3    | Identified the +6 arbalest of Freehold {penet, *Contam rElec rPois SInv} (You took it off an orc on level 3 of the Orcish Mines)
 12071 | Orc:3    | Gained mutation: Your magical capacity is low (-10% MP). [mutagenic glow]
 12084 | Orc:3    | Got a steaming dagger
 12090 | Orc:3    | Got an encrusted hand axe
 12094 | Orc:3    | Identified the +9 dagger of Cheibriados's Pride {venom, rElec Str+4 Stlth+} (You found it on level 3 of the Orcish Mines)
 12095 | Orc:3    | Identified the cursed +1 hand axe of Dried Tears {chop, MR+} (You found it on level 3 of the Orcish Mines)
 12363 | Orc:3    | Noticed a hill giant
 12373 | Orc:3    | Killed a hill giant
 12600 | Orc:4    | Killed an orc high priest
 12600 | Orc:4    | Reached skill level 17 in Axes
 12600 | Orc:4    | Reached XP level 13. HP: 75/102 MP: 12/14
 12606 | Orc:4    | Found a roughly hewn altar of Beogh.
 12623 | Orc:4    | Found a shimmering altar of Xom.
 13014 | Orc:4    | Received a gift from Trog
 13065 | Orc:4    | Found Sywacsufi's Magic Scroll Shop.
 13069 | Orc:4    | Found Vusuf's Magic Scroll Boutique.
 13072 | Orc:4    | Noticed a sun demon
 13073 | Orc:4    | Noticed a sun demon
 13086 | Orc:4    | Killed a sun demon
 13087 | Orc:4    | Killed a sun demon
 13236 | Orc:4    | Reached skill level 18 in Axes
 13312 | Orc:4    | Noticed an orc high priest
 13320 | Orc:4    | Noticed a gelid demonspawn
 13323 | Orc:4    | Killed an orc high priest
 13324 | Orc:4    | Noticed an orc high priest
 13325 | Orc:4    | Noticed an orc high priest
 13334 | Orc:4    | Noticed an orc high priest
 13336 | Orc:4    | Killed a gelid demonspawn
 13338 | Orc:4    | Killed an orc high priest
 13341 | Orc:4    | Killed an orc high priest
 13352 | Orc:4    | Killed an orc high priest
 13354 | Orc:4    | Noticed a torturous demonspawn
 13424 | Orc:4    | Killed a torturous demonspawn
 13440 | Orc:4    | Found Onidoz's Antique Armour Shoppe.
 13440 | Orc:4    | Found a one-way gate leading to the halls of Pandemonium.
 13440 | Orc:4    | Found Suibuf's Gadget Emporium.
 13446 | Orc:4    | Reached skill level 19 in Axes
 13528 | Orc:4    | Found a staircase to the Elven Halls.
 13736 | Orc:4    | Received a gift from Trog
 13929 | D:10     | Noticed DEFE's ghost (powerful TeFi)
 13964 | D:10     | Killed DEFE's ghost
 13985 | D:10     | Bought a scroll of identify for 30 gold pieces
 13985 | D:10     | Bought a scroll of identify for 30 gold pieces
 13985 | D:10     | Bought a scroll of identify for 30 gold pieces
 14090 | Lair:1   | Entered Level 1 of the Lair of Beasts
 15107 | Lair:2   | Received a gift from Trog
 15354 | Lair:3   | Gained mutation: You resist negative energy. [Deep Dwarf growth]
 15354 | Lair:3   | Reached XP level 14. HP: 57/109 MP: 10/14
 15660 | Lair:3   | Found a hole to the Spider Nest.
 15667 | Lair:3   | Reached skill level 20 in Axes
 15824 | Lair:3   | Gained mutation: You are weak. (Str -2) [potion of mutation]
 15824 | Lair:3   | Gained mutation: You are resistant to electric shocks. [potion of mutation]
 15824 | Lair:3   | Lost mutation: You expend magic power (3 MP) to strengthen your wands. [potion of mutation]
 16608 | Lair:4   | Found an ancient bone altar of Kikubaaqudgha.
 16857 | Lair:4   | Identified a scroll of acquirement
 16984 | Lair:5   | Received a gift from Trog
 17406 | Lair:5   | HP: 2/163 [lindwurm/blast of flame (17)]
 17450 | Lair:5   | Drew Focus: Str increased to 27, Int decreased to 7
 17800 | Lair:6   | Received a gift from Trog
 18366 | Lair:6   | Found a staircase to the Swamp.
 18566 | Lair:7   | Found a runed door.
 18566 | Lair:7   | Found a viscous altar of Jiyva.
 18571 | Lair:7   | Found a staircase to the Slime Pits.
 19458 | Lair:7   | Received a gift from Trog
 19495 | Lair:8   | Entered Level 8 of the Lair of Beasts
 19688 | Lair:8   | Reached XP level 15. HP: 101/115 MP: 13/15
 19689 | Lair:8   | Reached skill level 15 in Shields
 19985 | Lair:8   | Received a gift from Trog
 20504 | Lair:8   | Reached skill level 5 in Fighting
 20539 | Lair:8   | Found a runed door.
 21085 | Lair:1   | Drew Focus: Str increased to 29, Int decreased to 6
 21183 | D:10     | Bought 3 scrolls of blinking for 720 gold pieces
 21183 | D:10     | Bought a scroll of acquirement for 1664 gold pieces
 21306 | Orc:4    | Bought a scroll of torment for 120 gold pieces
 21306 | Orc:4    | Bought a scroll of magic mapping for 56 gold pieces
 21344 | Elf:1    | Entered Level 1 of the Elven Halls
 21361 | Elf:1    | Found a radiant altar of Vehumet.
 21460 | Elf:1    | Found a flickering gateway to a bazaar.
 21465 | Bazaar   | Entered a bazaar
 21473 | Bazaar   | Found Zoorroon's Book Shop.
 21486 | Bazaar   | Found Kuiliel's Jewellery Shop.
 21521 | Bazaar   | Bought the brooch of Shielding {Ward rN+ AC+4 EV+4} for 556 gold pieces
 22129 | Elf:1    | Got a brightly glowing iron ring
 22131 | Elf:1    | Identified the ring "Uppuj" {Ice +Blink Str+3 SInv} (You found it on level 1 of the Elven Halls)
 22214 | Elf:1    | Noticed Kirke
 22222 | Elf:1    | Killed Kirke
 22408 | Elf:1    | Received a gift from Trog
 22662 | Elf:2    | Found a runed gate.
 22662 | Elf:2    | Found a runed gate.
 22664 | Elf:2    | Found a runed gate.
 22756 | Elf:2    | Reached skill level 10 in Fighting
 23213 | Elf:2    | Noticed a deep elf blademaster
 23229 | Elf:2    | Killed a deep elf blademaster
 23244 | Elf:2    | Reached XP level 16. HP: 87/148 MP: 14/14
 23754 | Elf:3    | Entered Level 3 of the Elven Halls
 23788 | Elf:3    | Noticed a deep elf blademaster
 23788 | Elf:3    | Noticed a deep elf master archer
 23813 | Elf:3    | Killed a deep elf blademaster
 23819 | Elf:3    | Received a gift from Trog
 23821 | Elf:3    | Noticed an Executioner
 23831 | Elf:3    | Killed a deep elf master archer
 24195 | Elf:3    | Noticed a Brimstone Fiend
 24207 | Elf:3    | Noticed a deep elf master archer
 24229 | Elf:3    | Noticed an Executioner
 24230 | Elf:3    | Shot with an arrow of flame by a deep elf master archer

Vault maps used:
D:1:      dpeg_arrival_rooms_c
D:2:      nicolae_overflow_crystal_walls, lemuel_coloured_pillars_altar,
          uniq_iyjb
D:4:      minmay_opposing_rooms, led_sif_pool, minmay_temple_entry_glass,
          first_bread
D:5:      kennysheep_mini_moat
D:6:      gup_sewer_entry_bubbles, minmay_unpleasant_kobolds
D:7:      uniq_joseph, uniq_pikel
D:8:      nicolae_overflow_hidden_temple, david_lair_shrubbed
D:9:      ashenzari_conservatory_becter, lemuel_crystal_altar,
          hangedman_tree_tricks, hangedman_ru_absence
D:10:     serial_shops, nicolae_shop_stone, nicolae_shop_overgrown_old_shop,
          shop, basic_altar
D:11:     hiddenorc2_lemuel, nicolae_offbrand_ammo
Temple:   triangle_lava_temple_11
Lair:2:   hangedman_lair_unloving_vines
Lair:3:   spider_nest_entry_a, infiniplex_staircase_pool_2,
          serial_bayou_shore_a, grunt_megastairs_2
Lair:4:   lemuel_centaur_altar
Lair:5:   minmay_lindwurm_lava, lemuel_fruit_fields, grunt_megastairs_3
Lair:6:   minmay_swamp_entry_worms, minivault_24, serial_bayou_ford_a,
          patterned_corridor
Lair:7:   slime_altar_2, lemuel_fruit_fields
Lair:8:   wormcave, guppyfry_lair_end_dragon, ldierk_geyser
Orc:1:    serial_shops, shop
Orc:2:    uniq_josephine, uniq_sonja
Orc:3:    giant_chief_lemuel, basic_altar, nicolae_orc_pool_cavern, bloody_trog,
          uniq_rupert
Orc:4:    pf_orc_diabolical, basic_altar, kennysheep_orc_chapel
Elf:1:    eino_elf_arrival_altar, serial_shops, freezing_bzr,
          kennysheep_underground_church, hangedman_research_convocations,
          uniq_kirke
Elf:3:    grunt_elf_hall_branching, nicolae_elf_glass_and_crystal_pillar_2,
          lemuel_flamethrower_2, uniq_louise, uniq_wiglaf
Bazaar:   bazaar_jpeg_cross

Action                   |  1- 3 |  4- 6 |  7- 9 | 10-12 | 13-15 | 16-18 || total
-------------------------+-------+-------+-------+-------+-------+-------++-------
Melee: Hand axe          |   100 |    29 |       |       |       |       ||   129
       War axe           |       |   165 |   365 |   441 |       |       ||   971
       Broad axe         |       |       |       |   400 |  1376 |   205 ||  1981
Invok: Berserk           |     2 |     5 |    11 |    21 |    18 |       ||    57
       Burn Spellbooks   |       |     1 |       |     2 |     7 |     1 ||    11
       Trog's Hand       |       |       |       |     5 |    19 |     5 ||    29
 Abil: Evoke Invisibilit |       |       |     1 |     9 |     3 |       ||    13
       Device Recharging |       |       |       |     4 |     3 |       ||     7
       Evoke Blink       |       |       |       |       |     1 |       ||     1
Evoke: Wand              |       |     2 |     4 |    28 |    20 |     7 ||    61
       Box of beasts     |       |       |       |       |     1 |       ||     1
       Deck              |       |       |       |       |    18 |       ||    18
  Use: Scroll            |       |       |    20 |     9 |    13 |     4 ||    46
       Potion            |       |       |     3 |     2 |     5 |       ||    10
 Stab: Invisible         |       |       |     2 |    30 |    28 |       ||    60
       Distracted        |       |       |     2 |       |       |       ||     2
  Eat: Chunk             |     3 |    13 |    19 |    45 |    48 |    13 ||   141
       Pizza             |       |       |     2 |       |     2 |       ||     4
       Royal jelly       |       |       |       |     1 |       |       ||     1
       Beef jerky        |       |       |       |       |     2 |       ||     2
       Fruit             |       |       |       |       |     1 |       ||     1
       Bread ration      |       |       |       |       |     1 |       ||     1
